 Dungeon Crawl Stone Soup version 0.31-a0-1496-g79c7dd0eeb (webtiles) character file.

Game seed: 159095737941507076

105568 NigelTetley the Carver (level 15, -3/124 HPs)
             Began as a Demonspawn Gladiator on Dec 29, 2023.
             Was the Champion of Qazlal.
             Slain by a +5 hand axe of electrocution (9 damage)
             ... on level 1 of the Elven Halls.
             The game lasted 00:32:21 (21021 turns).

NigelTetley the Carver (Demonspawn Gladiator)      Turns: 21021, Time: 00:32:21

Health: -3/124     AC: 38    Str: 13    XL:     15   Next: 95%
Magic:  24/24      EV: 16    Int: 14    God:    Qazlal [******]
Gold:   1385       SH: 12    Dex: 20    Spells: 14/14 levels left

rFire   . . .        u - +3 demon blade (drain)
rCold   . . .        (no shield)
rNeg    . . .        O - +18 Lear's hauberk
rPois   +            (helmet currently unavailable)
rElec   +            k - +2 cloak {rPois}
rCorr   .            (gloves currently unavailable)
SInv    .            (boots currently unavailable)
Will    ++...        (no amulet) Stlth
                     j - +4 ring of protection
HPRegen 1.40/turn    r - ring of willpower
MPRegen 0.19/turn

%: repel missiles
@: mighty, on fire, protected from electricity, glowing
A: hooves 2, repulsion field 2, powered by death 2, powered by pain 2, large
bone plates 1, clever 1
a: Renounce Religion, Upheaval, Elemental Force, Disaster Area


You were on level 1 of the Elven Halls.
You worshipped Qazlal.
Qazlal was exalted by your worship.
You visited 5 branches of the dungeon, and saw 24 of its levels.
You also visited: Bailey.

You collected 2280 gold pieces.
You spent 895 gold pieces at shops.

Inventory:

Hand Weapons
 u - a +3 demon blade of draining (weapon)
 v - the +2 falchion of Past Mistakes {vamp, rN+}
   (You found it on level 5 of the Dungeon)

   rN+:       It protects you from negative energy.
 L - the +3 Elemental Staff {ele, rElec rF+ rC+ AC+3}
   (You took it off an occultist on level 1 of the Elven Halls)

   AC+3:      It affects your AC (+3).
   rF+:       It protects you from fire.
   rC+:       It protects you from cold.
   rElec:     It insulates you from electricity.
 Q - a +3 scimitar of flaming
Missiles
 d - 5 throwing nets (quivered)
 e - 12 javelins
 W - 6 silver javelins
Armour
 a - a +4 plate armour
 c - a +0 helmet
 k - a +2 cloak of poison resistance (worn)
 o - the +6 scale mail "Zizyc" {Dex+3}
   (You took it off an orc on level 3 of the Dungeon)

   Dex+3:     It affects your dexterity (+3).
 t - a +0 pair of gloves
 O - the +18 Lear's hauberk (worn)
   (You found it on level 10 of the Dungeon)
Jewellery
 i - an amulet of faith
 j - a +4 ring of protection (left hand)
 r - a ring of willpower (right hand)
 G - a ring of flight
 P - the macabre finger necklace {Finger+ rN+}
   (You took it off a deep elf zephyrmancer on level 1 of the Elven Halls)

   [amulet of nothing]

   Finger+:   It enables you to equip an extra ring.
   rN+:       It protects you from negative energy.
 U - a ring of see invisible
Wands
 b - a wand of flame (28)
 f - a wand of polymorph (22)
 C - a wand of light (1)
 H - a wand of roots (22)
 J - a wand of mindburst (15)
 N - a wand of paralysis (21)
 V - a wand of digging (9)
Scrolls
 g - 5 scrolls of fear
 p - 5 scrolls of immolation
 w - 3 scrolls of revelation
 y - a scroll of torment
 z - 12 scrolls of teleportation
 D - 5 scrolls of fog
 F - 2 scrolls of enchant armour
 I - 3 scrolls of poison
 M - 6 scrolls of identify
 T - 2 scrolls of blinking
 Z - 3 scrolls of silence
Potions
 h - 2 potions of resistance
 l - 6 potions of heal wounds
 m - a potion of mutation
 n - 2 potions of berserk rage
 q - 2 potions of brilliance
 s - 3 potions of curing
 x - a potion of might
 A - 2 potions of enlightenment
 B - 2 potions of cancellation
 E - 4 potions of haste
 K - 2 potions of invisibility
 R - 4 potions of lignification
 S - 2 potions of attraction
 Y - a potion of ambrosia


   Skills:
 * Level 13.5 Fighting
 * Level 14.3 Long Blades
 - Level 1.7 Throwing
 * Level 12.3 Armour
 * Level 12.6 Dodging
 + Level 3.0 Shields
 + Level 12.3 Invocations


You had 14 spell levels left.
You didn't know any spells.
Your spell library contained the following spells:

 Spells                   Type           Power      Damage    Failure   Level
 Kiss of Death            Conj/Necr      0%         2d5       96%         1
 Magic Dart               Conj           0%         1d3       96%         1
 Shock                    Conj/Air       0%         1d3       96%         1
 Summon Small Mammal      Summ           0%         N/A       96%         1
 Blink                    Tloc           0%         N/A       99%         2
 Call Imp                 Summ           0%         N/A       99%         2
 Ensorcelled Hibernation  Hex/Ice        0%         N/A       99%         2
 Call Canine Familiar     Summ           0%         N/A       100%        3
 Confusing Touch          Hex            0%         N/A       100%        3
 Dazzling Flash           Conj/Hex       0%         N/A       100%        3
 Frozen Ramparts          Ice            0%         1d1       100%        3
 Fugue of the Fallen      Necr           0%         N/A       100%        3
 Ozocubu's Armour         Ice            0%         N/A       100%        3
 Passwall                 Erth           0%         N/A       100%        3
 Swiftness                Air            0%         N/A       100%        3
 Volatile Blastmotes      Fire/Tloc      0%         2d10      100%        3
 Airstrike                Air            0%         2d(0-16)  100%        4
 Anguish                  Hex/Necr       0%         N/A       100%        4
 Animate Dead             Necr           0%         N/A       100%        4
 Cause Fear               Hex            0%         N/A       100%        4
 Dispel Undead            Necr           0%         3d6       100%        4
 Leda's Liquefaction      Alch/Erth      0%         N/A       100%        4
 Manifold Assault         Tloc           0%         N/A       100%        4
 Petrify                  Alch/Erth      0%         N/A       100%        4
 Summon Blazeheart Golem  Fire/Summ      0%         N/A       100%        4
 Borgnjor's Vile Clutch   Necr/Erth      0%         N/A       100%        5
 Metabolic Englaciation   Hex/Ice        0%         N/A       100%        5
 Death Channel            Necr           0%         N/A       100%        6
 Starburst                Conj/Fire      0%         6d3       100%        6
 Enfeeble                 Hex            0%         N/A       100%        7
 Orb of Destruction       Conj           0%         9d5       100%        7
 Spellforged Servitor     Conj/Summ      0%         N/A       100%        7
 Maxwell's Capacitive Co  Air            0%         ∞         100%        8


Dungeon Overview and Level Annotations

Branches:
Dungeon (15/15)            Temple (1/1) D:6            Lair (5/5) D:8
  Swamp (0/4) Lair:2        Snake (0/4) Lair:3        Slime (0/5) Lair:5
    Orc (2/2) D:11            Elf (1/3) Orc:2        Vaults (0/5) D:14
 Depths (0/4) D:15         Bailey (visited)

Altars:
Ashenzari
Cheibriados
Dithmenos
Fedhas
Gozag
Hepliaklqana
Kikubaaqudgha
Makhleb
Nemelex Xobeh
Okawaru
Qazlal
Ru
Sif Muna
Trog
Uskayaw
Vehumet
Wu Jian
Xom
Yredelemnul
Jiyva

Shops:
D:9 ?   D:11 ?(   D:15 (   Orc:2 *[*(:

Annotations:
Orc:1 2 transporters, Mearytou's ghost, journeyman MiFi


Innate Abilities, Weirdness & Mutations

You have hoof-like feet.
You are surrounded by a moderate repulsion field. (EV +3)
You regenerate health from kills.
You sometimes gain power by taking damage.
You are partially covered in large bone plates. (SH +4)
Your mind is acute. (Int +4, Str/Dex -1)


Message History

You are too injured to fight recklessly!
Unknown command.
You slash the deep elf pyromancer!
Your kick misses the deep elf pyromancer.
The deep elf pyromancer is heavily wounded.
The liquid fire burns you!
You feel more protected from fire.
The deep elf pyromancer hits you but does no damage.
You block the +5 hand axe of electrocution's attack.
The fire elemental sizzles in the rain.
The fire elemental hits you. The fire elemental burns you! You resist.
You slice the deep elf pyromancer!!
The deep elf pyromancer is almost dead.
The liquid fire burns you!
You feel more protected from fire.
* * * LOW HITPOINT WARNING * * *
You block the fire elemental's attack.
The +5 hand axe of electrocution hits you but does no damage.
You are electrocuted!
* * * LOW HITPOINT WARNING * * *
The deep elf pyromancer misses you.
You slice the deep elf pyromancer!!
You kill the deep elf pyromancer!
Qazlal accepts your kill.
The fire elemental disappears in a puff of smoke! x2
The liquid fire burns you!
* * * LOW HITPOINT WARNING * * *
The +5 hand axe of electrocution hits you.
* * * LOW HITPOINT WARNING * * *
Your resistance to fire fades away.
You feel protected from physical attacks.
You shake off some of the fire as you move.
The liquid fire burns you!
* * * LOW HITPOINT WARNING * * *
The +5 hand axe of electrocution attacks as it pursues you!
The +5 hand axe of electrocution hits you but does no damage.
Your resistance to physical damage fades away.
You feel protected from electricity.
You are electrocuted!
You die...

#.# #.#
#.# . #.#
.. #.# ..
#)# #' #.#
#. #.#
#E##@####
#'(§.>.#
#°)§....#
#.○§....#
'..°....#
##.......#
'.......#
.##.....##
#######


You could see a +5 hand axe of electrocution.

Vanquished Creatures
  Rupert (Lair:4)
  Kirke (Lair:4)
  A storm dragon (Orc:2)
  An occultist (Elf:1)
  An azure jelly (Lair:5)
  A frost giant (D:15)
  An orc warlord (Orc:2)
  A deep elf elementalist (Elf:1)
  An ironbound thunderhulk (D:14)
  3 dire elephants (Lair:5)
  An eleionoma (Lair:2)
  An ettin (Orc:1)
  A fire dragon (Elf:1)
  Snorg (Lair:5)
  3 vault guards
  An ogre mage (D:15)
  Fannar (D:10)
  A catoblepas (D:14)
  2 centaur warriors
  7 two-headed ogres
  4 boulder beetles
  A dancing weapon (Elf:1)
  3 tengu warriors
  Urug (Orc:1)
  An orc high priest (Orc:2)
  5 deep elf knights (Elf:1)
  5 skysharks
  A spectral anaconda (Lair:5)
  An obsidian statue (Lair:5)
  4 deep elf archers (Elf:1)
  8 deep elf zephyrmancers (Elf:1)
  4 necromancers (Lair:5)
  6 orc knights
  12 deep elf pyromancers
  6 ugly things
  2 orc sorcerers (Orc:2)
  4 cyclopes
  A manticore (D:13)
  16 elephants
  3 kobold blastminers
  6 black mambas
  3 gargoyles
  A torpor snail (Lair:2)
  13 cane toads
  An unseen horror (D:12)
  2 efreet (D:15)
  4 komodo dragons
  3 polar bears
  11 trolls
  Prince Ribbit (Bailey)
  A spectral elephant (Lair:5)
  27 blink frogs
  A glass eye (shapeshifter) (D:14)
  6 dream sheep
  A centaur simulacrum (D:14)
  2 water elementals (Elf:1)
  7 slime creatures
  3 wyverns
  3 shadows
  42 yaks
  A vampire (D:13)
  An air elemental (Elf:1)
  8 humans
  5 wargs
  4 hogs (Lair:4)
  6 basilisks
  8 vampire mosquitoes
  3 death yak simulacra (Lair:5)
  2 steam dragons
  2 spectral cane toads (Lair:5)
  5 nagas (Lair:3)
  22 water moccasins
  4 black bears
  An elephant zombie (Lair:5)
  31 orc warriors
  The ghost of mopl the Slasher, an amateur MfFi (D:4)
  9 ogres
  7 wolves
  2 elephant skeletons (Lair:5)
  5 centaurs
  A phantom (D:6)
  2 kobold brigands
  Blork the orc (D:4)
  3 scorpions
  25 bullfrogs
  2 cane toad simulacra (Lair:5)
  2 earth elementals (Elf:1)
  A wight (D:7)
  4 killer bees
  A howler monkey (D:6)
  2 bombardier beetles
  Crazy Yiuf (D:2)
  12 jellies
  8 hounds
  17 orc priests
  3 sleepcaps
  A gnoll bouda (D:8)
  4 iguanas
  Terence (D:2)
  23 orc wizards
  A scorpion zombie (D:4)
  A statue (D:8)
  6 adders
  7 gnolls
  2 shadow imps
  A white imp (D:7)
  2 ufetubi (D:6)
  2 worms (D:5)
  2 dart slugs (D:3)
  80 orcs
  2 bats (D:2)
  2 endoplasms
  2 giant cockroaches
  8 goblins
  9 hobgoblins
  14 jackals
  2 quokkas
  8 ball pythons
  3 frilled lizards
  14 kobolds
  A quokka zombie (D:4)
  11 rats
  A butterfly (Lair:4)
  2 fire vortices (Elf:1)
681 creatures vanquished.

Vanquished Creatures (others)
  A deep elf sorcerer (Elf:1)
  A deep elf zephyrmancer (Elf:1)
  2 deep elf pyromancers (Elf:1)
  An orc (D:8)
  3 fire vortices (Elf:1)
8 creatures vanquished.

Grand Total: 689 creatures vanquished

Notes
Turn   | Place    | Note
-------+----------+-------------------------------------------
     0 | D:1      | NigelTetley the Demonspawn Gladiator began the quest for
                  | the Orb.
     0 | D:1      | Reached XP level 1. HP: 16/16 MP: 1/1
    21 | D:1      | Reached skill level 3 in Long Blades
    96 | D:1      | Gained mutation: You regenerate a little health from kills.
                  | [demonic ancestry]
    96 | D:1      | Reached XP level 2. HP: 22/22 MP: 2/2
   595 | D:2      | Reached XP level 3. HP: 24/27 MP: 3/3
   637 | D:2      | Reached skill level 4 in Long Blades
   758 | D:2      | Identified the +5 hammer of Qunoph {chaos, *Noise rElec
                  | Will+}
   761 | D:2      | Found a runed translucent door.
   762 | D:2      | Noticed Crazy Yiuf
   790 | D:2      | Noticed Terence
   808 | D:2      | Killed Terence
   809 | D:2      | Gained mutation: You have large cloven feet. [demonic
                  | ancestry]
   809 | D:2      | Reached XP level 4. HP: 21/33 MP: 4/4
  1217 | D:2      | Killed Crazy Yiuf
  1218 | D:2      | Reached skill level 5 in Long Blades
  1311 | D:3      | Gained mutation: You sometimes gain a little power by
                  | taking damage. [demonic ancestry]
  1311 | D:3      | Reached XP level 5. HP: 37/38 MP: 5/5
  1486 | D:3      | Found a faded altar of an unknown god.
  1634 | D:3      | Identified the +6 scale mail "Zizyc" {Dex+3}
  2061 | D:4      | Reached skill level 6 in Long Blades
  2070 | D:4      | Found a broken altar of Ashenzari.
  2070 | D:4      | Found a sacrificial altar of Ru.
  2070 | D:4      | Found a burning altar of Makhleb.
  2158 | D:4      | Reached XP level 6. HP: 44/44 MP: 6/6
  2163 | D:4      | Found a runed translucent gate.
  2163 | D:4      | Found a runed translucent gate.
  2163 | D:4      | Found a runed translucent gate.
  2163 | D:4      | Noticed mopl's ghost (amateur MfFi)
  2165 | D:4      | Found a basalt altar of Yredelemnul.
  2205 | D:4      | Found an opulent altar of Gozag.
  2374 | D:4      | Noticed Blork the orc
  2387 | D:4      | Killed Blork the orc
  2848 | D:5      | Entered Level 5 of the Dungeon
  2919 | D:5      | Reached skill level 7 in Long Blades
  2925 | D:5      | Reached XP level 7. HP: 50/50 MP: 7/7
  3116 | D:5      | Reached skill level 1 in Armour
  3419 | D:5      | Noticed a moth of wrath
  3451 | D:5      | Found a bloodstained altar of Trog.
  3463 | D:5      | Identified the +2 falchion of Past Mistakes {vamp, rN+}
  3927 | D:5      | Reached skill level 8 in Long Blades
  3927 | D:5      | Gained mutation: You are surrounded by a mild repulsion
                  | field. (EV +2) [demonic ancestry]
  3927 | D:5      | Reached XP level 8. HP: 58/58 MP: 8/8
  4161 | D:4      | Killed mopl's ghost
  4369 | D:6      | Found a staircase to the Ecumenical Temple.
  4406 | Temple   | Entered the Ecumenical Temple
  4414 | Temple   | Became a worshipper of Qazlal Stormbringer
  4508 | D:6      | Reached skill level 1 in Invocations
  4792 | D:6      | Gained mutation: You have hoof-like feet. [demonic
                  | ancestry]
  4792 | D:6      | Reached XP level 9. HP: 48/66 MP: 10/10
  4833 | D:6      | Reached skill level 5 in Fighting
  4833 | D:6      | Reached skill level 5 in Dodging
  4854 | D:6      | Reached * piety under Qazlal
  5168 | D:7      | Reached skill level 9 in Long Blades
  5702 | D:7      | Found an iron altar of Okawaru.
  5859 | D:7      | Reached skill level 5 in Armour
  6087 | D:7      | Reached ** piety under Qazlal
  6095 | D:7      | Reached XP level 10. HP: 76/76 MP: 13/13
  6267 | D:8      | Reached skill level 5 in Invocations
  6312 | D:8      | Found a radiant altar of Vehumet.
  6399 | D:8      | Noticed a two-headed ogre
  6409 | D:8      | Killed a two-headed ogre
  6562 | D:8      | Found a staircase to the Lair.
  6814 | D:9      | Reached skill level 10 in Long Blades
  6909 | D:9      | Found a shimmering altar of Xom.
  7116 | D:9      | Found Ytetuler's Magic Scroll Emporium.
  7118 | D:9      | Identified a scroll of acquirement
  7123 | D:9      | Acquired a +0 demon blade of draining
  7127 | D:9      | Bought a scroll of enchant weapon for 120 gold pieces
  7127 | D:9      | Bought a scroll of poison for 64 gold pieces
  7127 | D:9      | Bought a scroll of identify for 32 gold pieces
  7127 | D:9      | Bought a scroll of identify for 32 gold pieces
  7127 | D:9      | Bought a scroll of identify for 32 gold pieces
  7127 | D:9      | Bought a scroll of revelation for 120 gold pieces
  7127 | D:9      | Bought a scroll of teleportation for 48 gold pieces
  7352 | D:10     | Entered Level 10 of the Dungeon
  7383 | D:10     | Found a flagged portal.
  7389 | Bailey   | Entered a bailey
  7420 | Bailey   | Reached *** piety under Qazlal
  7428 | Bailey   | Reached XP level 11. HP: 84/84 MP: 15/15
  7476 | Bailey   | Noticed a vault guard
  7476 | Bailey   | Noticed Prince Ribbit
  7481 | Bailey   | Killed Prince Ribbit
  7490 | Bailey   | Killed a vault guard
  7522 | Bailey   | Noticed a vault guard
  7532 | Bailey   | Killed a vault guard
  7712 | D:10     | Noticed Fannar
  7725 | D:10     | Killed Fannar
  7725 | D:10     | Reached **** piety under Qazlal
  7812 | D:10     | Found a hide-covered altar of Uskayaw.
  7957 | D:10     | Found a shadowy altar of Dithmenos.
  8135 | D:10     | Found the +18 Lear's hauberk
  8516 | D:11     | Found Pobe's Weapon Shop.
  8517 | D:11     | Found a staircase to the Orcish Mines.
  8585 | D:11     | Identified the ring "Ucilaot" {Fire rElec Str-5 Int-5 SInv}
  8692 | D:11     | Found a stormy altar of Qazlal.
  8768 | D:11     | Found Nawecoim's Magic Scroll Shop.
  8776 | D:11     | Bought a scroll of blinking for 82 gold pieces
  8776 | D:11     | Bought a scroll of blinking for 82 gold pieces
  8776 | D:11     | Bought a scroll of fog for 44 gold pieces
  8782 | D:11     | Bought a scroll of identify for 22 gold pieces
  8782 | D:11     | Bought a scroll of identify for 22 gold pieces
  8845 | D:11     | Reached skill level 11 in Long Blades
  8939 | Orc:1    | Entered Level 1 of the Orcish Mines
  8939 | Orc:1    | Noticed Urug
  8957 | Orc:1    | Killed Urug
  8958 | Orc:1    | Reached XP level 12. HP: 73/95 MP: 17/17
  9105 | Orc:1    | Found a transporter.
  9222 | Orc:1    | Noticed Mearytou's ghost (journeyman MiFi)
  9236 | Orc:1    | Found a transporter.
  9239 | Orc:1    | Noticed an ettin
  9249 | Orc:1    | Killed an ettin
  9588 | Orc:2    | Entered Level 2 of the Orcish Mines
  9606 | Orc:2    | Reached ***** piety under Qazlal
 10357 | Orc:2    | Noticed an orc high priest
 10357 | Orc:2    | Noticed an orc warlord
 10395 | Orc:2    | Killed an orc warlord
 10396 | Orc:2    | Reached skill level 10 in Fighting
 10403 | Orc:2    | Killed an orc high priest
 10525 | Orc:2    | Found Zypure's Antique Armour Shoppe.
 10541 | Orc:2    | Found Xoxelossae's Book Shoppe.
 10636 | Orc:2    | Found a staircase to the Elven Halls.
 10752 | Orc:2    | Found Rofeasekh's Assorted Antiques.
 10760 | Orc:2    | Bought a blackened onyx ring for 140 gold pieces
 10798 | Orc:2    | Found Ygext's Antique Weapon Shoppe.
 10813 | Orc:2    | Found Miwnoseo's General Store.
 10820 | Orc:2    | Bought a potion of heal wounds for 55 gold pieces
 11191 | Lair:1   | Entered Level 1 of the Lair of Beasts
 11200 | Lair:1   | Gained mutation: You regenerate health from kills. [demonic
                  | ancestry]
 11200 | Lair:1   | Reached XP level 13. HP: 87/103 MP: 19/19
 11284 | Lair:1   | Reached skill level 12 in Long Blades
 11329 | Lair:1   | Reached ****** piety under Qazlal
 11971 | Lair:2   | Reached skill level 10 in Dodging
 12417 | Lair:2   | Found a staircase to the Swamp.
 12417 | Lair:2   | Noticed an eleionoma
 12449 | Lair:2   | Killed an eleionoma
 13037 | Lair:3   | Reached skill level 10 in Armour
 13041 | Lair:3   | Reached skill level 10 in Invocations
 13253 | Lair:3   | Found a staircase to the Snake Pit.
 13603 | Lair:4   | Noticed Rupert
 13625 | Lair:4   | Killed Rupert
 13698 | Lair:4   | Noticed Kirke
 13706 | Lair:4   | Gained mutation: You sometimes gain power by taking damage.
                  | [demonic ancestry]
 13706 | Lair:4   | Reached XP level 14. HP: 94/113 MP: 21/21
 13726 | Lair:4   | Killed Kirke
 14523 | Lair:5   | Entered Level 5 of the Lair of Beasts
 14739 | Lair:5   | Reached skill level 13 in Long Blades
 14801 | Lair:5   | Noticed Snorg
 14814 | Lair:5   | Killed Snorg
 14984 | Lair:5   | Found a viscous altar of Jiyva.
 14991 | Lair:5   | Found a staircase to the Slime Pits.
 15117 | Lair:5   | Noticed an azure jelly
 15134 | Lair:5   | Killed an azure jelly
 15339 | Lair:5   | Found the +7 captain's cutlass {speed, disarm}
 16367 | Lair:5   | Gained mutation: You are clumsy. (Dex -2) [a neqoxec]
 16396 | Lair:5   | Lost mutation: You are clumsy. (Dex -2) [potion of
                  | mutation]
 16396 | Lair:5   | Gained mutation: Your body sometimes deteriorates upon
                  | taking damage. [potion of mutation]
 16396 | Lair:5   | Gained mutation: You are covered in fur. (AC +1) [potion of
                  | mutation]
 16396 | Lair:5   | Gained mutation: You expend magic power (3 MP) to
                  | strengthen your wands. [potion of mutation]
 16396 | Lair:5   | Gained mutation: You are strong-willed. (Will+) [potion of
                  | mutation]
 16397 | Lair:5   | Lost mutation: You expend magic power (3 MP) to strengthen
                  | your wands. [potion of mutation]
 16397 | Lair:5   | Lost mutation: You are strong-willed. (Will+) [potion of
                  | mutation]
 16397 | Lair:5   | Lost mutation: You are covered in fur. (AC +1) [potion of
                  | mutation]
 16397 | Lair:5   | Gained mutation: Your spells are a little easier to cast,
                  | but a little less powerful. [potion of mutation]
 16397 | Lair:5   | Gained mutation: Your mind is acute. (Int +4, Str/Dex -1)
                  | [potion of mutation]
 16397 | Lair:5   | Gained mutation: You are partially covered in large bone
                  | plates. (SH +4) [potion of mutation]
 16398 | Lair:5   | Lost mutation: Your spells are a little easier to cast, but
                  | a little less powerful. [potion of mutation]
 16398 | Lair:5   | Lost mutation: Your body sometimes deteriorates upon taking
                  | damage. [potion of mutation]
 17793 | D:14     | Gained mutation: You are surrounded by a moderate repulsion
                  | field. (EV +3) [demonic ancestry]
 17793 | D:14     | Reached XP level 15. HP: 122/122 MP: 23/23
 18719 | D:14     | Found a gate to the Vaults.
 18801 | D:15     | Entered Level 15 of the Dungeon
 18812 | D:15     | Reached skill level 1 in Shields
 19005 | D:15     | Found a staircase to the Depths.
 19006 | D:15     | Noticed a frost giant
 19018 | D:15     | Killed a frost giant
 19309 | D:15     | Found Veimepla's Antique Weapon Boutique.
 19484 | D:15     | Found an ancient bone altar of Kikubaaqudgha.
 19597 | D:15     | Reached skill level 14 in Long Blades
 19856 | Elf:1    | Entered Level 1 of the Elven Halls
 19885 | Elf:1    | Noticed a storm dragon
 20357 | Orc:2    | Killed a storm dragon
 20697 | Elf:1    | Noticed a deep elf sorcerer
 20701 | Elf:1    | Killed a deep elf sorcerer
 20999 | Elf:1    | Paralysed by an air elemental for 1 turns
 21021 | Elf:1    | HP: 4/124 [burnt (14)]
 21021 | Elf:1    | Slain by a +5 hand axe of electrocution

Illustrated notes

Levels and vault maps discovered:
D:1:      enne_arrival_octagon_isle, layout_basic
D:2:      layout_rooms, minmay_crystal_room, corexii_hall_statues_x,
          hangedman_abyss_or_decor_stabs, uniq_crazy_yiuf_cottage, uniq_terence
D:3:      layout_rooms, shapermc_ecumenical_altar_gd
D:4:      layout_basic, nicolae_yredelemnul_ghost_church,
          nicolae_gozag_cash_rules_everything_around_me,
          gammafunk_temple_overflow_forgotten, uniq_blork_the_orc
D:5:      layout_loops_corners, tgw_trog
D:6:      layout_basic, minmay_temple_entry_mist
D:7:      minmay_razor_zed, layout_gridville,
          hellmonk_okawaru_the_only_friend_you_need, hangedman_decor_growths,
          columned_hall_lemuel
D:8:      layout_rooms, vehumet_statue, tso_oasis_becter, lair_entry_dummy,
          minivault_19, grunt_decor_one_mirror
D:9:      layout_small_grid, kennysheep_mini_moat, serial_shops,
          nicolae_shop_rolled_up
D:10:     layout_loops_cross, nicolae_uskayaw_murder_on_the_dancefloor,
          old_standard_altar, enter_bailey_2, uniq_fannar
D:11:     layout_roguey, orc_david_3, serial_shops, shop,
          nicolae_qazlal_general_emergency
D:12:     layout_cave_pools, minmay_gold_behind_fungi
D:13:     layout_roguey, eino_small_chamber_without_monster,
          minmay_misc_feat_columns, kennysheep_generic_room_10
D:14:     layout_roguey, hellmonk_vaults_keyhole, nicolae_figureground_sparkle
D:15:     grunt_enter_depths_snipers, layout_grid_maze, serial_shops,
          nicolae_shop_temple_entry_statues_fountains, serial_park_tiny_1,
          kiku_gazebo_pond_becter
Temple:   eino_wide_crystal_templ
Lair:1:   layout_regular_city, chequers_serial_rivers_micro_a,
          grunt_megastairs_4, lemuel_fruit_tree
Lair:2:   layout_cellular_growth, alex1729_swamp_entry_worm_eleionoma,
          serial_bayou_pond_d
Lair:3:   layout_roguey, minmay_snake_entry_guardpost_large
Lair:4:   layout_regular_city, lemuel_fruit_fields, infiniplex_staircase_pool,
          uniq_kirke, uniq_rupert
Lair:5:   due_jungle_book, layout_small_grid, nicolae_slime_entry_field_trip,
          nicolae_lair_time_for_slime, infiniplex_staircase_pool_2, uniq_snorg
Orc:1:    layout_caves, gammafunk_ghost_stat_death, uniq_urug
Orc:2:    grunt_orc_cross, layout_caves, serial_shops, nicolae_shop_statue_plus,
          minmay_orc_barracks
Elf:1:    layout_geoelf_diagonals, minmay_elf_crystal_hexagon,
          dilly_guarded_unrand_elemental_staff

Skill      XL: |  1  2  3  4  5  6  7  8  9 10 11 12 13 14 15 |
---------------+----------------------------------------------+-----
Long Blades    | 3 4 5 6 7 8 9 10 11 12 13 14 | 14.3
Armour         | 2 3 5 6 7 9 10 11 12 | 12.3
Dodging        | 3 4 5 7 8 9 10 11 12 | 12.6
Fighting       | 3 4 6 7 9 10 11 12 13 | 13.5
Invocations    | 2 4 6 7 9 10 11 12 | 12.3
Shields        | 3 |  3.0
Throwing       | |  1.7

Action                     |  1- 3 |  4- 6 |  7- 9 | 10-12 | 13-15 || total
---------------------------+-------+-------+-------+-------+-------++-------
  Melee: Long sword        |    95 |   156 |    47 |       |       ||   298
         Kick              |       |    52 |   149 |   260 |   542 ||  1003
         Falchion          |       |       |   346 |   194 |       ||   540
         Punch             |       |       |     6 |    13 |    12 ||    31
         Demon blade       |       |       |       |   543 |  1276 ||  1819
 Invoke: Upheaval          |       |       |       |       |     5 ||     5
  Evoke: Wand              |       |       |       |     3 |     2 ||     5
    Use: Scroll            |     2 |     4 |     3 |    15 |     9 ||    33
         Potion            |       |       |     2 |     1 |     7 ||    10
   Stab: Sleeping          |     1 |       |       |       |       ||     1
         Invisible         |       |       |       |    11 |     1 ||    12
 Armour: Leather armour    |    49 |       |       |       |       ||    49
         Chain mail        |       |    88 |       |   276 |   761 ||  1125
         Scale mail        |       |    48 |   298 |   181 |       ||   527
  Dodge: Dodged            |    67 |    78 |   282 |   494 |   595 ||  1516
         Repelled          |       |       |       |     2 |    14 ||    16
  Block: Other             |       |       |     3 |   139 |   378 ||   520

Table legend: (Time is in decaauts)
 A = Elapsed time spent in this place.
 B = Non-inter-level travel time spent in this place.
 C = Inter-level travel time spent in this place.
 D = Time resting spent in this place.
 E = Time spent auto-exploring this place.
 F = Levels seen in this place.
 G = Mean time per level.
                   A        B        C        D        E       F      G
               +--------+--------+--------+--------+--------+-----+--------+
         Total |  20430 |  19219 |   1211 |    635 |  14591 |  25 |  817.2 |
       Dungeon |  11877 |  10987 |    890 |      8 |   8744 |  15 |  791.8 |
        Temple |     15 |     15 |      0 |      0 |      0 |   1 |   15.0 |
          Lair |   5113 |   4906 |    207 |      0 |   4042 |   5 | 1022.6 |
  Orcish Mines |   2256 |   2143 |    113 |    505 |   1165 |   2 | 1128.0 |
   Elven Halls |    930 |    930 |      0 |    122 |    501 |   1 |  930.0 |
        Bailey |    236 |    236 |      0 |      0 |    139 |   1 |  236.0 |
               +--------+--------+--------+--------+--------+-----+--------+

Top non-repeatable levels by time:
  Lair:5: 1798 daAuts
   Orc:2: 1557 daAuts
     D:4: 1321 daAuts
     D:5: 1252 daAuts
    D:14: 1106 daAuts
     D:7: 975 daAuts
   Elf:1: 930 daAuts
  Lair:4: 924 daAuts
    D:15: 882 daAuts
  Lair:3: 868 daAuts
    D:10: 865 daAuts
     D:2: 777 daAuts
  Lair:1: 764 daAuts
     D:6: 762 daAuts
  Lair:2: 757 daAuts
